 Dungeon Crawl Stone Soup version 0.31-a0-496-g6f97920a28 (webtiles) character file.

Game seed: 3902438451854697650

959 LeprechaunX the Changeling (level 8, -5/54 HPs)
             Began as an Octopode Shapeshifter on Aug 8, 2023.
             Was an Initiate of Hepliaklqana.
             Slain by a gnoll
             ... wielding a +0 halberd
             ... led by a gnoll bouda
              (15 damage)
             ... on level 6 of the Dungeon.
             The game lasted 00:07:20 (4489 turns).

LeprechaunX the Changeling (Octopode Shapeshifter)  Turns: 4489, Time: 00:07:20

Health: -5/54      AC:  1    Str: 17    XL:     8   Next: 14%
Magic:  8/8        EV: 16    Int: 10    God:    Hepliaklqana [......]
Gold:   332        SH:  0    Dex: 24    Spells: 7/7 levels left

rFire   + . .        k - +2 short sword (speed)
rCold   . . .        (no shield)
rNeg    + . .        (helmet currently unavailable)
rPois   .            (no amulet)
rElec   .            l - +6 ring of dexterity
rCorr   .            j - ring of protection from fire
SInv    .            p - +6 ring of dexterity
Will    .....        u - ring of positive energy
Stlth   +++          (no ring)
HPRegen 0.29/turn    (no ring)
MPRegen 0.11/turn    (no ring)
                     (no ring)

%: no passive effects
@: beast-form, studying Short Blades
A: beast (slay +3), almost no armour, amphibious, 8 rings, camouflage 1,
gelatinous body 1, (nimble swimmer 1), tentacles
a: Begin Untransformation, Renounce Religion


You were on level 6 of the Dungeon.
You worshipped Hepliaklqana.
Hepliaklqana was noncommittal.
You were a hulking beast.
You visited 1 branch of the dungeon, and saw 6 of its levels.

You collected 332 gold pieces.

Inventory:

Hand Weapons
 k - a +2 short sword of speed (weapon)
Missiles
 h - 5 boomerangs (quivered)
Armour
 y - a +0 buckler
Jewellery
 j - a ring of protection from fire (right tentacle)
 l - a +6 ring of dexterity (left tentacle)
 p - a +6 ring of dexterity (on tentacle)
 u - a ring of positive energy (on tentacle)
Talismans
 b - a beast talisman (active)
 c - a flux talisman
Wands
 s - a wand of roots (22)
 x - a wand of charming (7)
Scrolls
 g - a scroll of fog {unknown}
 o - a scroll of enchant armour {unknown}
 r - a scroll of immolation
 t - 2 scrolls of identify
 v - a scroll of poison {unknown}
Potions
 a - 2 potions of lignification
 d - 4 potions of might {unknown}
 e - 6 potions of curing {unknown}
 f - a potion of brilliance {unknown}
 i - a potion of mutation {unknown}
 m - a potion of haste {unknown}
 n - a potion of enlightenment {unknown}
 q - a potion of degeneration {unknown}
 w - a potion of invisibility {unknown}


   Skills:
 + Level 4.0 Fighting
 + Level 4.4 Dodging
 + Level 5.0 Unarmed Combat
 * Level 5.6 Shapeshifting


You had 7 spell levels left.
You didn't know any spells.
Your spell library contained the following spells:

 Spells                   Type           Power      Damage    Failure   Level
 Apportation              Tloc           0%         N/A       36%         1
 Necrotise                Necr           0%         1d4       36%         1
 Summon Small Mammal      Summ           0%         N/A       36%         1
 Static Discharge         Conj/Air       0%         2-2/arc   50%         2
 Airstrike                Air            0%         2d(0-16)  98%         4
 Summon Lightning Spire   Summ/Air       0%         N/A       98%         4


Dungeon Overview and Level Annotations

Branches:
Dungeon (6/15)
 Temple: D:4-7

Altars:
Ashenzari
Cheibriados
Elyvilon
Hepliaklqana
Kikubaaqudgha
Sif Muna
Vehumet
Yredelemnul

Annotations:
D:3 3 runed translucent doors, GoodGuyCap's ghost, amateur OpSh; Palms's ghost, amateur DjHW
D:6 Menkaure


Innate Abilities, Weirdness & Mutations

You are a hulking beast.
Your limbs bulge with bestial killing power. (Slay +3)
You cannot wear most types of armour.
You are amphibious.
You can wear up to eight rings at the same time.
Your skin changes colour to match your surroundings (Stealth+).
Your rubbery body absorbs attacks. (AC +1, EV +1)
((You are camouflaged when in or above water. (Stealth+)))
You have tentacles for arms and can constrict up to eight enemies at once.


Message History

The gnoll bouda hits you with a +0 club!
You hit the gnoll bouda. You squeeze the gnoll bouda.
The gnoll bouda is moderately wounded.
You constrict the gnoll bouda. The gnoll bouda misses you.
You hit the gnoll bouda but do no damage.
You squeeze the gnoll bouda!
The gnoll bouda is almost dead.
You constrict the gnoll bouda. You puncture the gnoll bouda!
You kill the gnoll bouda!
The gnoll completely misses you.
Your Fighting skill increases to level 4!
You hit the gnoll. You grab the gnoll.
The gnoll is heavily wounded.
You constrict the gnoll, but do no damage.
The gnoll hits you from afar with a +0 spear!
The gnoll misses you.
You hit the gnoll but do no damage.
The gnoll is moderately wounded.
Your attacks no longer feel as feeble.
You constrict the gnoll.
The gnoll hits you from afar with a +0 spear!
You release your grip on the gnoll.
The gnoll completely misses you. The gnoll barely misses you.
The gnoll misses you. The gnoll hits you with a +0 spear.
Things that are here:
a +0 club; a +0 leather armour You hit the gnoll.
Your grab misses the gnoll.
The gnoll is moderately wounded.
The gnoll hits you with a +0 flail!
* * * LOW HITPOINT WARNING * * *
The gnoll barely misses you. x2
As you read the scroll labelled BARUH VIKAYTO, it crumbles to dust.
It is a scroll of identify.
r - a scroll of immolation The gnoll hits you with a +0 spear.
* * * LOW HITPOINT WARNING * * *
The gnoll closely misses you.
The gnoll hits you from afar with a +0 halberd!
You die...

#.........# #........##
..........# ##......[...##
#### #.....⌠......# #...
###............#
#...##.##.........####
##..##..##.............
##...##hg...........#...
##.....#gg.....##.##.....
#...)g.go.......#.####).)
#....g........##...####.##
......##.......####..##...#
.....# #...#...##..........
##... #..##...##..........
##. ....#.......<........ .
......................


You could see an orc wizard and 4 gnolls.

Vanquished Creatures
  A black bear (D:5)
  An ice beast (D:5)
  2 centaurs (D:6)
  A phantom (D:4)
  A bullfrog (D:6)
  A scorpion (D:5)
  A gnoll bouda (D:6)
  Ijyb (D:5)
  6 iguanas
  2 orc wizards
  A gnoll (D:6)
  6 adders
  3 white imps
  An ufetubus (D:4)
  3 worms
  2 dart slugs
  5 orcs
  6 bats
  7 endoplasms
  4 giant cockroaches
  6 hobgoblins
  4 quokkas
  4 ball pythons
  5 frilled lizards
  5 goblins
  5 kobolds
  4 rats
88 creatures vanquished.

Notes
Turn   | Place    | Note
-------+----------+-------------------------------------------
     0 | D:1      | LeprechaunX the Octopode Shapeshifter began the quest for
                  | the Orb.
     0 | D:1      | Reached XP level 1. HP: 13/13 MP: 1/1
   139 | D:1      | Reached XP level 2. HP: 18/18 MP: 2/2
  1009 | D:2      | Reached XP level 3. HP: 23/23 MP: 3/3
  1033 | D:2      | You fall into a shaft and drop 1 floor!
  1379 | D:3      | Found a runed translucent gate.
  1379 | D:3      | Found a runed translucent gate.
  1380 | D:3      | Found a runed translucent gate.
  1385 | D:3      | Reached XP level 4. HP: 29/29 MP: 4/4
  1394 | D:3      | Noticed GoodGuyCap's ghost (amateur OpSh)
  1394 | D:3      | Noticed Palms's ghost (amateur DjHW)
  2144 | D:3      | Found an ancient bone altar of Kikubaaqudgha.
  2149 | D:3      | Found a shimmering blue altar of Sif Muna.
  2151 | D:3      | Found a radiant altar of Vehumet.
  2249 | D:4      | Noticed a phantom
  2260 | D:4      | Killed a phantom
  2261 | D:4      | Reached XP level 5. HP: 31/34 MP: 5/5
  2450 | D:4      | Found a basalt altar of Yredelemnul.
  2649 | D:4      | Found a white marble altar of Elyvilon.
  2937 | D:4      | Found a faded altar of an unknown god.
  2939 | D:4      | Found a hazy altar of Hepliaklqana.
  2944 | D:4      | Reached XP level 6. HP: 19/41 MP: 6/6
  2951 | D:4      | Became a worshipper of Hepliaklqana the Forgotten
  3266 | D:4      | Found a broken altar of Ashenzari.
  3327 | D:5      | Entered Level 5 of the Dungeon
  3327 | D:5      | Found a snail-covered altar of Cheibriados.
  3627 | D:5      | Noticed an ice beast
  3639 | D:5      | Killed an ice beast
  3640 | D:5      | Reached XP level 7. HP: 27/46 MP: 7/7
  3776 | D:5      | Reached skill level 5 in Shapeshifting
  3904 | D:5      | Noticed Ijyb
  3909 | D:5      | Killed Ijyb
  4149 | D:6      | Reached XP level 8. HP: 50/54 MP: 8/8
  4153 | D:6      | Reached skill level 5 in Unarmed Combat
  4258 | D:6      | Noticed Menkaure
  4489 | D:6      | Slain by a gnoll

Illustrated notes

Levels and vault maps discovered:
D:1:      dpeg_arrival_round_c, layout_basic, hex_large
D:2:      layout_rooms, dreamdust_princess_corridor, minmay_door_square
D:3:      layout_rooms, grunt_temple_overflow_magic_moments,
          gammafunk_ghost_cemetery, kennysheep_generic_room_2
D:4:      layout_loops_ring, kennysheep_ying_yang,
          beargit_hepliaklqana_dungeon_heroes, general_overflow_altar
D:5:      layout_rooms, cheibriados_altar_1, kennysheep_decorative_pillar,
          uniq_ijyb
D:6:      layout_cave_pools, makhleb_grotto_becter, gup_sewer_entry_glass,
          serial_column_ruins, column_ruins_grid_1, column_ruins_open_large,
          column_ruins_columns_straight, column_ruins_open_tiny,
          minmay_manual_macuahuitl, uniq_menkaure

Skill      XL: |  1  2  3  4  5  6  7  8 |
---------------+-------------------------+-----
Fighting       | 2 3 4 |  4.0
Dodging        | 3 4 |  4.4
Shapeshifting  | 4 5 |  5.6
Unarmed Combat | 4 5 |  5.0

Action                     |  1- 3 |  4- 6 |  7- 9 || total
---------------------------+-------+-------+-------++-------
  Melee: Unarmed           |    52 |       |       ||    52
         Constrict         |    20 |    18 |    15 ||    53
         Tentacles         |    10 |    22 |    16 ||    48
         Punch             |     1 |     2 |     2 ||     5
         Short sword       |    15 |    79 |    54 ||   148
  Throw: Boomerang         |     5 |     3 |       ||     8
  Evoke: Wand              |       |     1 |       ||     1
    Use: Scroll            |       |       |     1 ||     1
   Stab: Sleeping          |     6 |     9 |     3 ||    18
         Distracted        |       |     1 |       ||     1
 Armour: Skin              |     1 |       |     2 ||     3
  Dodge: Dodged            |    34 |    21 |    34 ||    89

Table legend: (Time is in decaauts)
 A = Elapsed time spent in this place.
 B = Non-inter-level travel time spent in this place.
 C = Inter-level travel time spent in this place.
 D = Time resting spent in this place.
 E = Time spent auto-exploring this place.
 F = Levels seen in this place.
 G = Mean time per level.
                   A        B        C        D        E       F      G
               +--------+--------+--------+--------+--------+-----+--------+
         Total |   4434 |   4189 |    245 |    454 |   3104 |   6 |  739.0 |
       Dungeon |   4434 |   4189 |    245 |    454 |   3104 |   6 |  739.0 |
               +--------+--------+--------+--------+--------+-----+--------+

Top non-repeatable levels by time:
     D:4: 1066 daAuts
     D:1: 998 daAuts
     D:5: 777 daAuts
     D:2: 618 daAuts
     D:3: 613 daAuts
     D:6: 359 daAuts
